 Dungeon Crawl Stone Soup version 0.24.0-41-g2ae2f7f1be (webtiles) character file.

Game seed: 4897366534577464887, levelgen mode: deterministic

62 H0rd4k the Magician (level 3, 0/19 HPs)
             Began as a Deep Elf Wizard on Dec 10, 2019.
             Slain by a gnoll
             ... wielding a +0 whip
              (8 damage)
             ... on level 1 of the Dungeon.
             The game lasted 00:02:56 (1706 turns).

H0rd4k the Magician (Deep Elf Wizard)               Turns: 1706, Time: 00:02:57

Health: 0/19       AC:  2    Str:  4    XL:     3   Next: 85%
Magic:  6/12       EV: 13    Int: 23    God:
Gold:   76         SH:  0    Dex: 13    Spells: 5/14 levels left

rFire    . . .     SeeInvis .   l - +1 short sword (speed)
rCold    . . .     Gourm    .   (no shield)
rNeg     . . .     Faith    .   a - +0 robe
rPois    .         Spirit   .   b - +0 hat
rElec    .         Reflect  .   (no cloak)
rCorr    .         Harm     .   (no gloves)
MR       .....                  (no boots)
Stlth    ++........             (no amulet)
HPRegen  0.06/turn              (no ring)
MPRegen  0.13/turn              (no ring)

@: no status effects
A: no striking features
a: no special abilities


You were on level 1 of the Dungeon.
You were not hungry.

You visited 1 branch of the dungeon, and saw 2 of its levels.

You collected 76 gold pieces.

Inventory:

Hand Weapons
 l - a +1 short sword of speed (weapon)
Armour
 a - a +0 robe (worn)
 b - a +0 hat (worn)
Jewellery
 i - an uncursed ring of see invisible {unknown}
Scrolls
 e - 2 scrolls of remove curse {unknown}
 f - 2 scrolls of noise {unknown}
 g - a scroll of fog {unknown}
Potions
 c - a potion of might {unknown}
 h - a potion of haste {unknown}
 j - 2 potions of lignification {unknown}
 k - a potion of flight {unknown}
Comestibles
 d - 2 rations


   Skills:
 + Level 0.2 Fighting
 + Level 2.6 Dodging
 + Level 2.7 Stealth
 + Level 6.1 Spellcasting
 + Level 1.5 Conjurations
   Level 1.1 Summonings
 + Level 1.1 Translocations


You had 5 spell levels left.
You knew the following spells:

 Your Spells              Type           Power        Failure   Level  Hunger
a - Magic Dart            Conj           ##..         4%          1    None
b - Blink                 Tloc           N/A          9%          2    None
c - Conjure Flame         Conj/Fire      ##......     19%         3    #......
d - Mephitic Cloud        Conj/Pois/Air  #.......     21%         3    #......

Your spell library contained the following spells:

 Spells                   Type           Power        Failure   Level  Hunger
 Call Imp                 Summ           ##......     9%          2    None
 Slow                     Hex            #.......     13%         2    None


Dungeon Overview and Level Annotations

Branches:
Dungeon (2/15)

Altars:

Annotations:
D:1 exclusion: 2 downstairs


Message History

The magic dart hits the gnoll.
The gnoll is moderately wounded.
The gnoll hits you with a +0 whip.
Casting: Magic Dart (safe; 4% risk of failure)
Confirm with . or Enter, or press ? or * to list all spells.
Aiming: Magic Dart (safe; 4% risk of failure)
Press: ? - help, Shift-Dir - straight line, f/p - gnoll
Aim: a gnoll, wielding a +0 whip (moderately wounded)
The magic dart hits the gnoll.
The gnoll is heavily wounded.
The gnoll hits you with a +0 whip.
Casting: Magic Dart (safe; 4% risk of failure)
Confirm with . or Enter, or press ? or * to list all spells.
Aiming: Magic Dart (safe; 4% risk of failure)
Press: ? - help, Shift-Dir - straight line, f/p - gnoll
Aim: a gnoll, wielding a +0 whip (heavily wounded)
The magic dart hits the gnoll.
The gnoll is severely wounded.
The gnoll hits you with a +0 whip!
You die...

#...........
######.#^........
#...........##.##
#........##.##.# #####
#........##.##g##
#...##########.#.##g##.##
#........# #.#..#.##.##
#....###(# #.##.#....#.
#....#.#@# #.#..######.
#......#g#####.#.......#.
#......#>[...[...........
#####....###.#.#.........#.#(
#............................
#.........######.#.....#.....
#......)..# #.#.#.#.##....
#.........# #.............
#.........# ######.##..#..#.#


You could see a gnoll.

Vanquished Creatures
  2 gnolls
  A worm (D:1)
  2 dart slugs
  An orc (D:1)
  5 bats (D:1)
  8 goblins
  A hobgoblin (D:1)
  5 jackals (D:1)
  3 kobolds (D:1)
  3 frilled lizards
  2 rats
33 creatures vanquished.

Notes
Turn   | Place    | Note
-------+----------+-------------------------------------------
     0 | D:1      | H0rd4k the Deep Elf Wizard began the quest for the Orb.
     0 | D:1      | Reached XP level 1. HP: 10/10 MP: 7/7
    72 | D:1      | Reached skill level 5 in Spellcasting
    94 | D:1      | Reached XP level 2. HP: 14/15 MP: 0/10
   788 | D:1      | Reached XP level 3. HP: 19/19 MP: 10/12
  1316 | D:2      | Reached skill level 6 in Spellcasting
  1691 | D:2      | Learned a level 2 spell: Blink
  1695 | D:2      | Learned a level 3 spell: Conjure Flame
  1699 | D:2      | Learned a level 3 spell: Mephitic Cloud
  1706 | D:1      | Slain by a gnoll

Levels and vault maps discovered:
D:1:      saegor_arrival_simple_b, layout_basic
D:2:      minmay_wonky_spiral, layout_basic, first_ration

Skill      XL: |  1  2  3 |
---------------+----------+-----
Spellcasting   | 5 6 |  6.1
Fighting       | |  0.2
Dodging        | |  2.6
Stealth        | |  2.7
Conjurations   | |  1.5
Summonings     | |  1.1
Translocations | |  1.1

Action                   || total
-------------------------++-------
 Cast: Magic Dart        ||   103
       Blink             ||     1
  Eat: Chunk             ||     2
Armor: Robe              ||     1
Dodge: Dodged            ||    27
